 Dungeon Crawl Stone Soup version 0.24-a0-487-g57318f2ed0 (webtiles) character file.

Game seed: 5652030810828600443

10668 Akello the Thaumaturge (level 11, -15/91 HPs)
             Began as a Gnoll Earth Elementalist on July 10, 2019.
             Was a High Priest of Cheibriados.
             Demolished by Murumi's ghost (26 damage)
             ... on level 11 of the Dungeon on July 11, 2019.
             The game lasted 00:21:53 (10750 turns).

Akello the Thaumaturge (Gnoll Earth Elementalist)  Turns: 10750, Time: 00:21:53

Health: -15/91     AC: 10    Str: 25    XL:     11   Next: 65%
Magic:  38/38      EV: 21    Int: 32    God:    Cheibriados [*****.]
Gold:   488        SH:  0    Dex: 31    Spells: 15/26 levels left

rFire    + + .     SeeInvis .   C - staff of power
rCold    . . .     Gourm    .   (no shield)
rNeg     . . .     Faith    .   c - +0 robe
rPois    .         Spirit   .   B - +0 helmet
rElec    .         Reflect  .   a - +2 cloak
rCorr    .         Harm     .   r - +0 pair of gloves
MR       .....                  (no boots)
Stlth    ++++++....             (no amulet)
HPRegen  0.25/turn              n - ring of protection from fire
MPRegen  0.26/turn              x - ring "Vicutec" {rF+ Stlth+}

@: about to teleport, very slow
A: distributed training, fangs 1, slimy green scales 1, agile 1, blurry vision
1, robust 1, strong nose
a: Bend Time, Temporal Distortion, Slouch, Step From Time, Renounce Religion


You were on level 11 of the Dungeon.
You worshipped Cheibriados.
Cheibriados was extremely pleased with you.
You were not hungry.

You visited 2 branches of the dungeon, and saw 12 of its levels.

You collected 488 gold pieces.

Inventory:

Hand Weapons
 h - a +0 vampiric whip
 j - a +1 dagger of venom
 l - a +0 dagger of protection
 D - a +2 trident of protection
Missiles
 b - 163 stones (quivered)
Armour
 a - a +2 cloak (worn)
 c - a +0 robe (worn)
 r - a +0 pair of gloves (worn)
 B - a +0 helmet (worn)
 L - the +1 leather armour of the Assorted Beds {rC+}
   (You found it on level 9 of the Dungeon)

   It protects you from cold.
Magical Staves
 C - an uncursed staff of power (weapon)
 M - an uncursed staff of wizardry
Jewellery
 f - a cursed ring of teleportation {unknown}
 g - an uncursed ring of protection from magic
 n - a ring of protection from fire (left hand)
 q - a cursed -4 ring of intelligence {unknown}
 x - the ring "Vicutec" (right hand) {rF+ Stlth+}
   (You found it on level 7 of the Dungeon)

   [ring of stealth]

   It protects you from fire.
   It makes you more stealthy.
 A - the ring of Xom's Wantonness {Ice -Tele rPois Dex+4}
   (You found it on level 7 of the Dungeon)

   [ring of ice]

   It enhances your ice magic.
   It affects your dexterity (+4).
   It makes you vulnerable to fire.
   It protects you from cold.
   It protects you from poison.
   It prevents most forms of teleportation.
 K - a cursed ring of teleportation {unknown}
Wands
 k - a wand of disintegration (38)
 v - a wand of flame (60)
 y - a wand of scattershot (3)
 z - a wand of iceblast (3)
Scrolls
 e - 6 scrolls of amnesia
 i - 4 scrolls of remove curse
 o - a scroll of teleportation
 p - 3 scrolls of fog
 t - 2 scrolls of magic mapping {unknown}
 u - a scroll of blinking
 w - 5 scrolls of identify
 H - a scroll of enchant armour
 I - a scroll of immolation {unknown}
 J - a scroll of silence {unknown}
Potions
 m - 3 potions of curing
 s - a potion of berserk rage {unknown}
 G - 2 potions of brilliance {unknown}
Miscellaneous
 F - a sack of spiders
Comestibles
 d - 20 rations


   Skills:
 + Level 6.4 Fighting
 + Level 6.4 Short Blades
 + Level 6.4 Long Blades
 + Level 6.4 Axes
 + Level 6.4 Maces & Flails
 + Level 6.4 Polearms
 + Level 6.4 Staves
 + Level 6.4 Slings
 + Level 6.4 Bows
 + Level 6.4 Crossbows
 + Level 6.4 Throwing
 + Level 6.4 Armour
 + Level 7.9 Dodging
 + Level 7.7 Stealth
 + Level 6.4 Shields
 + Level 6.4 Unarmed Combat
 + Level 8.2 Spellcasting
 + Level 5.3 Conjurations
 + Level 5.3 Hexes
 + Level 5.3 Charms
 + Level 5.3 Summonings
 + Level 5.3 Necromancy
 + Level 5.3 Translocations
 + Level 5.7 Transmutations
 + Level 5.3 Fire Magic
 + Level 5.3 Ice Magic
 + Level 5.3 Air Magic
 + Level 7.7 Earth Magic
 + Level 5.3 Poison Magic
 + Level 7.0 Invocations
 + Level 6.4 Evocations


You had 15 spell levels left.
You knew the following spells:

 Your Spells              Type           Power        Failure   Level  Hunger
a - Sandblast             Erth           ######       1%          1    None
b - Passwall              Tmut/Erth      ######..     1%          2    None
c - Stone Arrow           Conj/Erth      ######       1%          3    None
d - Lee's Rapid Deconstr  Erth           ######....   4%          5    ####...

Your spell library contained the following spells:

 Spells                   Type           Power        Failure   Level  Hunger
 Confusing Touch          Hex            #####.       1%          1    None
 Confuse                  Hex            #####...     1%          3    None
 Gell's Gravitas          Tloc           #####.....   1%          3    None
 Petrify                  Tmut/Erth      ######..     2%          4    None
 Yara's Violent Unravell  Hex/Tmut       #####.....   11%         5    ####...
 Metabolic Englaciation   Hex/Ice        #####.....   12%         5    ####...


Dungeon Overview and Level Annotations

Branches:
Dungeon (11/15)            Temple (1/1) D:4            Lair (0/6) D:10
    Orc: D:9-12

Altars:
Ashenzari
Cheibriados
Dithmenos
Elyvilon
Gozag
Hepliaklqana
Kikubaaqudgha
Makhleb
Nemelex Xobeh
Okawaru
Qazlal
Ru
Sif Muna
Trog
Uskayaw
Wu Jian
Xom
Yredelemnul
Zin
The Shining One

Shops:
D:7 *   D:11 (

Annotations:
D:9 3 runed translucent doors, Zaque's ghost, novice DrFi
D:11 Murumi's ghost, journeyman FoFi


Innate Abilities, Weirdness & Mutations

Your experience applies equally to all skills.
You have very sharp teeth.
Your uncanny sense of smell can sniff out nearby items.
You are partially covered in slimy green scales. (AC +2)
You are agile. (Dex +2)
Scrolls take you a little longer to read.
You are robust. (+10% HP)


Message History

Murumi's ghost completely misses you.
Really read with blurry vision while enemies are nearby?
Murumi's ghost hits you!!
* * * LOW HITPOINT WARNING * * *
You begin reading the scroll.
You continue reading the scroll.
Murumi's ghost hits you.
* * * LOW HITPOINT WARNING * * *
As you read the scroll of teleportation, it crumbles to dust.
You feel strangely unstable.
Okay, then.
Really read with blurry vision while enemies are nearby? [Y]es or [N]o only, please.
Really read with blurry vision while enemies are nearby? [Y]es or [N]o only, please.
Really read with blurry vision while enemies are nearby? [Y]es or [N]o only, please.
Really read with blurry vision while enemies are nearby?
You begin reading the scroll.
You continue reading the scroll.
Murumi's ghost hits you!!
You die...

#.......# #.#
#.......# #.# #
#..<...>### #.#
#.........# #.#
#.......#.## #.#
#.......#.a####.#
####.#####..)##.#
## #W# ###).))#
##. #@#
###..###.. #.#
##.)...# #.#
#.##... #.#
#.##.## #.#
#.#..## #.#
#...##. #.#
##.####. #.#
#.†##... ###
###..##.##


You could see Murumi's ghost.

Vanquished Creatures
  3 two-headed ogres
  The ghost of pentaxis93 the Thaumaturge, a novice DEFE of Vehumet (D:11)
  2 unseen horrors (D:10)
  Joseph (D:9)
  A kobold demonologist (D:11)
  A troll (D:7)
  A hornet (D:8)
  Prince Ribbit (D:6)
  A dream sheep (D:6)
  A hippogriff (D:7)
  4 yaks (D:11)
  A spriggan (D:7)
  Menkaure (D:4)
  Grum (D:11)
  2 steam dragons
  Edmund (D:5)
  3 ice beasts
  3 orc warriors
  2 sky beasts
  3 ogres
  2 wolves (D:11)
  3 centaurs
  A crocodile (D:8)
  2 big kobolds
  Blork the orc (D:6)
  5 bullfrogs
  4 scorpions
  4 killer bees (D:10)
  5 wights (D:8)
  2 howler monkeys (D:9)
  A centaur zombie (D:8)
  3 crimson imps
  A bullfrog zombie (D:8)
  3 orc priests
  2 bullfrog skeletons (D:4)
  4 hounds
  19 orc wizards
  2 centaur skeletons
  An iguana (D:8)
  5 worker ants
  A killer bee zombie (D:7)
  A gnoll (D:5)
  13 adders
  2 shadow imps
  3 oozes
  An adder zombie (D:6)
  An adder skeleton (D:7)
  2 worms
  A dart slug (D:1)
  8 leopard geckos
  30 orcs
  9 giant cockroaches
  6 goblins
  8 hobgoblins
  6 jackals
  20 kobolds
  3 quokkas
  11 bats
  3 frilled lizards
  2 quokka skeletons
  13 rats
248 creatures vanquished.

Vanquished Creatures (collateral kills)
  A gargoyle (D:11)
1 creature vanquished.

Vanquished Creatures (others)
  4 dream sheep (D:6)
  3 plants (D:9)
  A withered plant (D:11)
8 creatures vanquished.

Grand Total: 257 creatures vanquished

Notes
Turn   | Place    | Note
-------+----------+-------------------------------------------
     0 | D:1      | Akello the Gnoll Earth Elementalist began the quest for the
                  | Orb.
     0 | D:1      | Reached XP level 1. HP: 13/13 MP: 6/6
   197 | D:1      | Reached XP level 2. HP: 19/19 MP: 3/7
   487 | D:1      | Reached XP level 3. HP: 24/25 MP: 9/9
   504 | D:1      | Reached skill level 5 in Spellcasting
   987 | D:2      | Found a white marble altar of Elyvilon.
   998 | D:2      | Reached skill level 1 in Invocations
  1061 | D:2      | Reached skill level 1 in Fighting
  1061 | D:2      | Reached skill level 1 in Short Blades
  1061 | D:2      | Reached skill level 1 in Long Blades
  1061 | D:2      | Reached skill level 1 in Axes
  1061 | D:2      | Reached skill level 1 in Maces & Flails
  1061 | D:2      | Reached skill level 1 in Polearms
  1061 | D:2      | Reached skill level 1 in Staves
  1061 | D:2      | Reached skill level 1 in Slings
  1061 | D:2      | Reached skill level 1 in Bows
  1061 | D:2      | Reached skill level 1 in Crossbows
  1061 | D:2      | Reached skill level 1 in Throwing
  1061 | D:2      | Reached skill level 1 in Armour
  1061 | D:2      | Reached skill level 1 in Shields
  1061 | D:2      | Reached skill level 1 in Unarmed Combat
  1061 | D:2      | Reached skill level 1 in Evocations
  1061 | D:2      | Reached XP level 4. HP: 32/32 MP: 6/11
  1555 | D:3      | Reached skill level 1 in Conjurations
  1555 | D:3      | Reached skill level 1 in Hexes
  1555 | D:3      | Reached skill level 1 in Charms
  1555 | D:3      | Reached skill level 1 in Summonings
  1555 | D:3      | Reached skill level 1 in Necromancy
  1555 | D:3      | Reached skill level 1 in Translocations
  1555 | D:3      | Reached skill level 1 in Fire Magic
  1555 | D:3      | Reached skill level 1 in Ice Magic
  1555 | D:3      | Reached skill level 1 in Air Magic
  1555 | D:3      | Reached skill level 1 in Poison Magic
  1806 | D:3      | Reached XP level 5. HP: 37/37 MP: 10/12
  1814 | D:3      | Learned a level 2 spell: Passwall
  1892 | D:3      | Reached XP level 6. HP: 19/44 MP: 0/13
  2389 | D:4      | Found a staircase to the Ecumenical Temple.
  2389 | D:4      | Noticed Menkaure
  2396 | D:4      | Killed Menkaure
  2396 | D:4      | Reached skill level 5 in Dodging
  2428 | Temple   | Entered the Ecumenical Temple
  2475 | Temple   | Became a worshipper of Cheibriados the Contemplative
  3250 | D:4      | You fall into a shaft and drop 2 floors!
  3294 | D:5      | Entered Level 5 of the Dungeon
  3502 | D:5      | Reached XP level 7. HP: 43/50 MP: 12/15
  3507 | D:5      | Learned a level 3 spell: Stone Arrow
  3507 | D:5      | Found a hazy altar of Hepliaklqana.
  3630 | D:5      | Found an iron altar of Okawaru.
  3896 | D:4      | Reached * piety under Cheibriados
  4359 | D:6      | Reached skill level 5 in Stealth
  4369 | D:6      | Reached XP level 8. HP: 54/57 MP: 1/16
  4478 | D:6      | Noticed Prince Ribbit
  4479 | D:6      | Noticed Blork the orc
  4495 | D:6      | Killed Blork the orc
  4641 | D:6      | Noticed Edmund
  4715 | D:5      | Killed Edmund
  4715 | D:5      | Reached skill level 6 in Spellcasting
  4864 | D:6      | Killed Prince Ribbit
  4888 | D:6      | Found a stormy altar of Qazlal.
  4891 | D:6      | Noticed an air elemental
  4891 | D:6      | Noticed a water elemental
  4957 | D:6      | Reached ** piety under Cheibriados
  5218 | D:6      | Noticed a dream sheep
  5218 | D:6      | Noticed a dream sheep
  5218 | D:6      | Noticed a dream sheep
  5218 | D:6      | Noticed a dream sheep
  5218 | D:6      | Noticed a dream sheep
  5218 | D:6      | Found a shimmering altar of Xom.
  5220 | D:6      | Killed a dream sheep
  5220 | D:6      | Killed a dream sheep
  5220 | D:6      | Killed a dream sheep
  5220 | D:6      | Killed a dream sheep
  5220 | D:6      | Reached XP level 9. HP: 65/65 MP: 16/18
  5424 | D:7      | Noticed a two-headed ogre
  5461 | D:7      | Killed a two-headed ogre
  5522 | D:7      | Noticed a troll
  5530 | D:7      | Killed a troll
  5805 | D:7      | Got a translucent granite ring
  5805 | D:7      | Got a sparkling bone ring
  5939 | D:7      | Gained mutation: You are partially covered in slimy green
                  | scales. (AC +2) [potion of mutation]
  5939 | D:7      | Gained mutation: You are agile. (Dex +2) [potion of
                  | mutation]
  5939 | D:7      | Gained mutation: Scrolls take you a little longer to read.
                  | [potion of mutation]
  5939 | D:7      | Gained mutation: You are robust. (+10% HP) [potion of
                  | mutation]
  5969 | D:7      | Identified the ring "Vicutec" {rF+ Stlth+} (You found it on
                  | level 7 of the Dungeon)
  5973 | D:7      | Identified the ring of Xom's Wantonness {Ice -Tele rPois
                  | Dex+4} (You found it on level 7 of the Dungeon)
  6009 | D:7      | Reached skill level 5 in Invocations
  6027 | D:7      | Found an opulent altar of Gozag.
  6030 | D:7      | Found Gozag's Platinum Reserve.
  6152 | D:7      | You fall into a shaft and drop 1 floor!
  6295 | D:7      | Reached XP level 10. HP: 80/80 MP: 20/20
  6313 | D:7      | Reached skill level 7 in Spellcasting
  6359 | D:7      | Found a sacrificial altar of Ru.
  6369 | D:7      | Reached *** piety under Cheibriados
  6473 | D:7      | Found a hide-covered altar of Uskayaw.
  6570 | D:7      | Found a deep blue altar of Sif Muna.
  7424 | D:8      | Reached skill level 5 in Fighting
  7424 | D:8      | Reached skill level 5 in Short Blades
  7424 | D:8      | Reached skill level 5 in Long Blades
  7424 | D:8      | Reached skill level 5 in Axes
  7424 | D:8      | Reached skill level 5 in Maces & Flails
  7424 | D:8      | Reached skill level 5 in Polearms
  7424 | D:8      | Reached skill level 5 in Staves
  7424 | D:8      | Reached skill level 5 in Slings
  7424 | D:8      | Reached skill level 5 in Bows
  7424 | D:8      | Reached skill level 5 in Crossbows
  7424 | D:8      | Reached skill level 5 in Throwing
  7424 | D:8      | Reached skill level 5 in Armour
  7424 | D:8      | Reached skill level 5 in Shields
  7424 | D:8      | Reached skill level 5 in Unarmed Combat
  7424 | D:8      | Reached skill level 5 in Evocations
  7864 | D:8      | Reached **** piety under Cheibriados
  8007 | D:9      | Found a runed translucent gate.
  8007 | D:9      | Found a runed translucent gate.
  8008 | D:9      | Found a runed translucent gate.
  8008 | D:9      | Noticed an 11-headed hydra
  8010 | D:9      | Noticed Zaque's ghost (novice DrFi)
  8266 | D:9      | Reached skill level 5 in Transmutations
  8460 | D:9      | Noticed Joseph
  8468 | D:9      | Killed Joseph
  8692 | D:9      | Learned a level 5 spell: Lee's Rapid Deconstruction
  8758 | D:9      | Found a glowing golden altar of the Shining One.
  8768 | D:9      | Got a fine leather armour
  8786 | D:9      | Identified the +1 leather armour of the Assorted Beds {rC+}
                  | (You found it on level 9 of the Dungeon)
  8795 | D:10     | Entered Level 10 of the Dungeon
  8874 | D:10     | Noticed a two-headed ogre
  8879 | D:10     | Killed a two-headed ogre
  8992 | D:10     | Reached ***** piety under Cheibriados
  8992 | D:10     | Reached XP level 11. HP: 89/89 MP: 22/22
  9074 | D:10     | Found a staircase to the Lair.
  9219 | D:10     | Killed an unseen horror
  9361 | D:10     | Killed an unseen horror
  9363 | D:10     | Noticed a two-headed ogre
  9378 | D:10     | Killed a two-headed ogre
  9378 | D:10     | Reached skill level 5 in Conjurations
  9378 | D:10     | Reached skill level 5 in Hexes
  9378 | D:10     | Reached skill level 5 in Charms
  9378 | D:10     | Reached skill level 5 in Summonings
  9378 | D:10     | Reached skill level 5 in Necromancy
  9378 | D:10     | Reached skill level 5 in Translocations
  9378 | D:10     | Reached skill level 5 in Fire Magic
  9378 | D:10     | Reached skill level 5 in Ice Magic
  9378 | D:10     | Reached skill level 5 in Air Magic
  9378 | D:10     | Reached skill level 5 in Poison Magic
  9692 | D:10     | Reached skill level 8 in Spellcasting
 10025 | D:11     | Noticed Grum
 10036 | D:11     | Killed Grum
 10085 | D:11     | Found Fumiedan's Weapon Shop.
 10148 | D:11     | Found a runed translucent gate.
 10148 | D:11     | Found a runed translucent gate.
 10148 | D:11     | Found a runed translucent gate.
 10148 | D:11     | Noticed pentaxis93's ghost (novice DEFE)
 10149 | D:11     | Noticed Murumi's ghost (journeyman FoFi)
 10492 | D:11     | Killed pentaxis93's ghost
 10750 | D:11     | Demolished by Murumi's ghost

Levels and vault maps discovered:
D:1:      dpeg_arrival_signposts, layout_loops_ring
D:2:      layout_rooms, overflow_temple_1_default
D:3:      layout_basic, minmay_circle_x
D:4:      layout_basic, minmay_temple_entry_large_hall, first_ration,
          grunt_ministairs_3, chequers_serial_rivers_small_3, uniq_menkaure
D:5:      layout_cave_pools, basic_altar, okawaru_altar_gauntlet_db
D:6:      layout_rooms, kb_xom_exploding_sheep,
          nicolae_qazlal_style_of_elements, uniq_blork_the_orc,
          uniq_prince_ribbit1, uniq_edmund
D:7:      minmay_the_grid_plus [minmay_the_grid_aliased_spiral,
          minmay_the_grid_box_x, minmay_the_grid_embedded,
          minmay_the_grid_empty, minmay_the_grid_prize_shrinking_boxes],
          layout_basic, kennysheep_mini_moat, led_sif_pool,
          nicolae_gozag_zags_fifth_avenue, the_bakery,
          nicolae_ru_great_annihilating_truth
D:8:      layout_basic, chequers_ossuary_entry_cave
D:9:      layout_irregular_city, nicolae_overflow_hidden_temple,
          gammafunk_ghost_hydra_chop, grunt_decor_mini_mirrors, uniq_joseph
D:10:     layout_irregular_city, lair_entry_dummy
D:11:     layout_rooms, david_orc_4, serial_shops, nicolae_shop_crystal,
          gammafunk_ghost_cemetery, kennysheep_potato, uniq_grum
Temple:   kb_temple_of_zot

Skill      XL: |  1  2  3  4  5  6  7  8  9 10 11 |
---------------+----------------------------------+-----
Transmutations | 2 3 4 5 |  5.7
Spellcasting   | 5 6 7 8 |  8.2
Invocations    | 1 2 3 4 5 6 7 |  7.0
Fighting       | 1 2 3 4 5 6 |  6.4
Short Blades   | 1 2 3 4 5 6 |  6.4
Long Blades    | 1 2 3 4 5 6 |  6.4
Axes           | 1 2 3 4 5 6 |  6.4
Maces & Flails | 1 2 3 4 5 6 |  6.4
Polearms       | 1 2 3 4 5 6 |  6.4
Staves         | 1 2 3 4 5 6 |  6.4
Slings         | 1 2 3 4 5 6 |  6.4
Bows           | 1 2 3 4 5 6 |  6.4
Crossbows      | 1 2 3 4 5 6 |  6.4
Throwing       | 1 2 3 4 5 6 |  6.4
Armour         | 1 2 3 4 5 6 |  6.4
Shields        | 1 2 3 4 5 6 |  6.4
Unarmed Combat | 1 2 3 4 5 6 |  6.4
Evocations     | 1 2 3 4 5 6 |  6.4
Conjurations   | 1 2 3 4 5 |  5.3
Hexes          | 1 2 3 4 5 |  5.3
Charms         | 1 2 3 4 5 |  5.3
Summonings     | 1 2 3 4 5 |  5.3
Necromancy     | 1 2 3 4 5 |  5.3
Translocations | 1 2 3 4 5 |  5.3
Fire Magic     | 1 2 3 4 5 |  5.3
Ice Magic      | 1 2 3 4 5 |  5.3
Air Magic      | 1 2 3 4 5 |  5.3
Poison Magic   | 1 2 3 4 5 |  5.3
Dodging        | 5 6 7 |  7.9
Stealth        | 5 6 7 |  7.7
Earth Magic    | 6 7 |  7.7

Action                   |  1- 3 |  4- 6 |  7- 9 | 10-12 || total
-------------------------+-------+-------+-------+-------++-------
Melee: Unarmed           |    65 |       |       |       ||    65
       Bite              |     4 |    21 |     3 |    19 ||    47
       Dagger            |       |   165 |    29 |     6 ||   200
       Punch             |       |     1 |     1 |       ||     2
       Whip              |       |    55 |       |       ||    55
       Staff             |       |       |       |    65 ||    65
Throw: Stone             |       |       |       |     1 ||     1
 Cast: Sandblast         |    31 |    44 |   139 |   115 ||   329
       Stone Arrow       |       |       |    15 |    29 ||    44
       Lee's Rapid Decon |       |       |       |    27 ||    27
Evoke: Wand              |       |       |       |     7 ||     7
       Sack of spiders   |       |       |       |     1 ||     1
       Phantom mirror    |       |       |       |     1 ||     1
  Use: Scroll            |     3 |     3 |     7 |     3 ||    16
       Potion            |       |     2 |     6 |       ||     8
 Stab: Sleeping          |     1 |     5 |     2 |     3 ||    11
       Paralysed         |       |       |       |     2 ||     2
  Eat: Chunk             |       |     5 |     5 |     5 ||    15
       Ration            |       |     1 |       |     2 ||     3
Armor: Robe              |    21 |    78 |    20 |    46 ||   165
Dodge: Dodged            |    70 |   236 |    89 |   168 ||   563

Table legend:
 A = Non-vault XP
 B = Vault XP
 C = Vault XP percentage of total XP
 D = Non-vault monster count
 E = Vault monster count
 F = Vault count percentage of total count
                 A         B        C        D         E       F
            +---------+---------+-------+---------+---------+-------
      Total |   10613 |    4627 |  30.4 |     209 |      41 |  16.4
            +---------+---------+-------+---------+---------+-------
        D:1 |      49 |       0 |   0.0 |      24 |       0 |   0.0
        D:2 |      68 |       0 |   0.0 |      21 |       0 |   0.0
        D:3 |     206 |      16 |   7.2 |      26 |       6 |  18.8
        D:4 |     279 |     186 |  40.0 |      13 |       2 |  13.3
        D:5 |     133 |     189 |  58.7 |       6 |       7 |  53.8
        D:6 |    1040 |     382 |  26.9 |      19 |       2 |   9.5
        D:7 |     344 |    2162 |  86.3 |      10 |      19 |  65.5
        D:8 |    1774 |       0 |   0.0 |      30 |       0 |   0.0
        D:9 |     675 |     471 |  41.1 |      16 |       1 |   5.9
       D:10 |    4230 |       0 |   0.0 |      27 |       0 |   0.0
       D:11 |    1815 |    1221 |  40.2 |      17 |       4 |  19.0
            +---------+---------+-------+---------+---------+-------
